 Dungeon Crawl Stone Soup version 0.30-a0-743-gbfdf073431 (webtiles) character file.

Game seed: 18013292108016833624

5262 FlurksSlurper the Slicer (level 10, -7/77 HPs)
             Began as a Demonspawn Gladiator on Feb 8, 2023.
             Was an Elder of Okawaru.
             Mangled by Banquo's ghost (8 damage)
             ... on level 9 of the Dungeon.
             The game lasted 00:21:01 (8252 turns).

FlurksSlurper the Slicer (Demonspawn Gladiator)     Turns: 8252, Time: 00:21:01

Health: -7/77      AC: 25    Str: 17    XL:     10   Next: 36%
Magic:  10/10      EV: 15    Int:  9    God:    Okawaru [****..]
Gold:   468        SH:  0    Dex: 23    Spells: 9/9 levels left

rFire   . . .      SeeInvis .    s - +2 short sword (protect)
rCold   . . .      Faith    +    (no shield)
rNeg    . . .      Spirit   .    f - +1 swamp dragon scales
rPois   +          Reflect  .    c - +0 helmet
rElec   .          Harm     .    (no cloak)
rCorr   .          Rampage  .    I - +0 pair of gloves
Will    .....                    H - +0 pair of boots
Stlth   ++                       t - amulet of faith
HPRegen 0.32/turn                U - +6 ring of dexterity
MPRegen 0.12/turn                M - +4 ring of protection

@: lethally poisoned (-7 -> -14), about to teleport, under a protective aura
A: hooves 2, demonic magic 1, weakness stinger 2, demonic touch 1
a: Renounce Religion, Heroism, Finesse


You were on level 9 of the Dungeon.
You worshipped Okawaru.
Okawaru was greatly pleased with you.
You visited 2 branches of the dungeon, and saw 10 of its levels.

You collected 468 gold pieces.

Inventory:

Hand Weapons
 s - a +2 short sword of protection (weapon)
 C - a +1 heavy hand axe
 P - a +2 dire flail of draining
Missiles
 d - 3 throwing nets (quivered)
 e - 3 javelins
 h - 57 poisoned darts
 J - 10 boomerangs
 R - 5 curare-tipped darts
Armour
 c - a +0 helmet (worn)
 f - +1 swamp dragon scales (worn)
 H - a +0 pair of boots (worn)
 I - a +0 pair of gloves (worn)
Jewellery
 t - an amulet of faith (around neck)
 D - a ring of resist corrosion
 M - a +4 ring of protection (right hand)
 U - a +6 ring of dexterity (left hand)
 V - a ring of willpower
Wands
 b - a wand of flame (14)
 L - a wand of paralysis (21)
 N - a wand of polymorph (9)
 O - a wand of quicksilver (13)
Scrolls
 j - 2 scrolls of magic mapping
 k - 3 scrolls of noise
 l - 2 scrolls of blinking
 m - a scroll of summoning {unknown}
 o - 3 scrolls of teleportation
 p - 3 scrolls of silence {unknown}
 q - 2 scrolls of immolation {unknown}
 r - 3 scrolls of torment {unknown}
 w - 3 scrolls of identify {unknown}
 x - 5 scrolls of fog {unknown}
 y - 3 scrolls of vulnerability {unknown}
 G - a scroll of brand weapon {unknown}
 S - a scroll of amnesia {unknown}
 T - a scroll of poison {unknown}
Potions
 g - 2 potions of attraction {unknown}
 i - a potion of resistance {unknown}
 n - 5 potions of lignification {unknown}
 u - a potion of ambrosia {unknown}
 v - 6 potions of heal wounds {unknown}
 z - 3 potions of flight {unknown}
 A - a potion of cancellation {unknown}
 B - a potion of degeneration {unknown}
 E - 2 potions of magic {unknown}
 F - a potion of brilliance {unknown}
 K - 6 potions of curing
 Q - a potion of berserk rage {unknown}


   Skills:
 + Level 6.8 Fighting
 + Level 8.7 Short Blades
 + Level 2.2 Throwing
 + Level 7.2 Armour
 + Level 6.5 Dodging
 + Level 2.3 Stealth


You had 9 spell levels left.
You didn't know any spells.
Your spell library contained the following spells:

 Spells                   Type           Power      Damage    Failure   Level
 Sandblast                Erth           0%         2d4       56%         1
 Ensorcelled Hibernation  Hex/Ice        0%         N/A       71%         2
 Passwall                 Tmut/Erth      0%         N/A       71%         2
 Ozocubu's Armour         Ice            0%         N/A       90%         3
 Stone Arrow              Conj/Erth      0%         3d7       90%         3
 Swiftness                Air            0%         N/A       90%         3
 Ozocubu's Refrigeration  Ice            0%         4d7       100%        7


Dungeon Overview and Level Annotations

Branches:
Dungeon (9/15)             Temple (1/1) D:6
   Lair: D:8-11         Orc: D:9-12

Altars:
Ashenzari
Cheibriados
Dithmenos
Fedhas
Gozag
Hepliaklqana
Makhleb
Okawaru
Qazlal
Ru
Sif Muna
Trog
Uskayaw
Vehumet
Yredelemnul

Shops:
D:6 (

Annotations:
D:9 Banquo's ghost, journeyman DjGl; Ijustatesigmund's ghost, novice DEEE; KleinerIrrer's ghost, novice MeWn


Innate Abilities, Weirdness & Mutations

You have hoof-like feet.
Spells you cast may paralyse adjacent enemies.
You have a tail ending in a sharp stinger.
Your touch may inflict minor irresistible damage on your foes.


Message History

You feel sick.
You hit Banquo's ghost but do no damage.
Your tail-slap misses Banquo's ghost.
Banquo's ghost is lightly damaged.
You feel sick.
KleinerIrrer's ghost completely misses you.
Banquo's ghost hits you.
You are more poisoned.
As you read the scroll of teleportation, it crumbles to dust.
You feel strangely unstable.
You feel very sick. KleinerIrrer's ghost hits you!
* * * LOW HITPOINT WARNING * * *
Banquo's ghost hits you but does no damage.
Unknown command.
You hit Banquo's ghost but do no damage.
Your tail-slap misses Banquo's ghost.
Your touch misses Banquo's ghost.
Banquo's ghost is lightly damaged.
You feel sick.
You barely miss Banquo's ghost.
Banquo's ghost is lightly damaged.
You feel sick.
KleinerIrrer's ghost swings its fists at you.
KleinerIrrer's ghost hits you but does no damage.
Banquo's ghost barely misses you.
You closely miss Banquo's ghost. Your touch misses Banquo's ghost.
Banquo's ghost is lightly damaged.
You feel sick.
You miss Banquo's ghost.
You touch Banquo's ghost!
Banquo's ghost is lightly damaged.
You feel sick. KleinerIrrer's ghost misses you.
Banquo's ghost gestures at you while chanting.
The sting hits you but does no damage.
You are more poisoned.
You hit Banquo's ghost but do no damage.
Banquo's ghost is lightly damaged.
You feel sick. KleinerIrrer's ghost hits you!
* * * LOW HITPOINT WARNING * * *
Banquo's ghost hits you!
You die...

###.# #.# #.# #.#
#######.#### #.#
#.......)..# ########'###
#..........# #..........#
#..........###..........#
#............#..........#
#.......W..#.'..........#
#.......@..###..........'
#......W...# #..........#
#..........# ############
############


You could see Banquo's ghost and KleinerIrrer's ghost.

Vanquished Creatures
  The ghost of krgfvk the Fighter, a novice MiFi (D:9)
  The ghost of vilexx the Geomancer, a journeyman GrEE of Okawaru (D:9)
  Maggie (D:8)
  A troll (D:9)
  A hornet (D:9)
  2 steam dragons
  Edmund (D:6)
  2 acid dragons
  2 orc warriors
  A black bear (D:5)
  2 sky beasts (D:7)
  4 ogres
  2 centaurs
  Blork the orc (D:4)
  5 kobold brigands
  2 necrophages
  2 bullfrogs
  A gnoll sergeant (D:4)
  A scorpion (D:7)
  4 wights (D:7)
  A howler monkey (D:5)
  An electric eel (D:9)
  5 hounds
  A jelly (D:5)
  3 orc priests (D:8)
  5 iguanas
  2 orc wizards (D:8)
  Robin (D:2)
  9 gnolls (D:4)
  8 adders
  A white imp (D:7)
  4 worms
  2 dart slugs
  26 orcs
  4 endoplasms
  2 giant cockroaches
  15 goblins
  12 hobgoblins
  4 jackals (D:4)
  28 kobolds
  6 quokkas
  7 ball pythons
  4 bats
  10 frilled lizards
  2 rats (D:1)
200 creatures vanquished.

Vanquished Creatures (others)
  8 plants
8 creatures vanquished.

Grand Total: 208 creatures vanquished

Notes
Turn   | Place    | Note
-------+----------+-------------------------------------------
     0 | D:1      | FlurksSlurper the Demonspawn Gladiator began the quest for
                  | the Orb.
     0 | D:1      | Reached XP level 1. HP: 16/16 MP: 1/1
   130 | D:1      | Reached skill level 3 in Short Blades
   130 | D:1      | Discovered your monstrous ancestry.
   130 | D:1      | Gained mutation: You have a small tail. [demonic ancestry]
   130 | D:1      | Reached XP level 2. HP: 9/22 MP: 2/2
   262 | D:1      | Found a faded altar of an unknown god.
  1000 | D:2      | Gained mutation: You have large cloven feet. [demonic
                  | ancestry]
  1000 | D:2      | Reached XP level 3. HP: 27/27 MP: 3/3
  1187 | D:2      | Noticed Robin
  1334 | D:2      | Reached skill level 1 in Armour
  1385 | D:2      | Killed Robin
  1476 | D:2      | Gained mutation: Your touch may inflict minor irresistible
                  | damage on your foes. [demonic ancestry]
  1476 | D:2      | Reached XP level 4. HP: 33/33 MP: 4/4
  2042 | D:3      | Gained mutation: Spells you cast may paralyse adjacent
                  | enemies. [demonic ancestry]
  2042 | D:3      | Reached XP level 5. HP: 40/40 MP: 5/5
  2401 | D:4      | Reached skill level 4 in Short Blades
  2430 | D:4      | Reached XP level 6. HP: 47/47 MP: 6/6
  2461 | D:4      | Noticed Blork the orc
  2473 | D:4      | Killed Blork the orc
  2855 | D:4      | Reached skill level 5 in Short Blades
  2855 | D:4      | Gained mutation: You have a tail ending in a sharp stinger.
                  | [demonic ancestry]
  2855 | D:4      | Reached XP level 7. HP: 38/53 MP: 7/7
  3335 | D:5      | Entered Level 5 of the Dungeon
  3875 | D:5      | Reached XP level 8. HP: 60/60 MP: 8/8
  3961 | D:5      | Found a blossoming altar of Fedhas.
  4038 | D:6      | Found Kamuch's Antique Weapon Emporium.
  4052 | D:6      | Found a hide-covered altar of Uskayaw.
  4073 | D:6      | Reached skill level 6 in Short Blades
  4073 | D:6      | Reached skill level 1 in Stealth
  4124 | D:6      | Found a staircase to the Ecumenical Temple.
  4209 | Temple   | Entered the Ecumenical Temple
  4398 | Temple   | Became a worshipper of Warmaster Okawaru
  4452 | D:6      | Reached skill level 5 in Dodging
  4897 | D:6      | Noticed Edmund
  4910 | D:6      | Killed Edmund
  5265 | D:7      | Found a basalt altar of Yredelemnul.
  5265 | D:7      | Found a broken altar of Ashenzari.
  5293 | D:7      | Reached * piety under Okawaru
  5418 | D:7      | Reached skill level 5 in Armour
  5647 | D:7      | Reached skill level 5 in Fighting
  5647 | D:7      | Gained mutation: You have hoof-like feet. [demonic
                  | ancestry]
  5647 | D:7      | Reached XP level 9. HP: 42/68 MP: 9/9
  5660 | D:7      | Reached ** piety under Okawaru
  5789 | D:7      | Found a shadowy altar of Dithmenos.
  5860 | D:7      | Reached skill level 7 in Short Blades
  6009 | D:7      | Found a shimmering blue altar of Sif Muna.
  6120 | D:8      | Noticed Maggie
  6145 | D:8      | Killed Maggie
  6680 | D:8      | Reached *** piety under Okawaru
  6777 | D:8      | Received a gift from Okawaru
  7156 | D:9      | Noticed a troll
  7168 | D:9      | Killed a troll
  7180 | D:9      | Reached skill level 8 in Short Blades
  7553 | D:9      | Reached XP level 10. HP: 77/77 MP: 10/10
  7658 | D:9      | Found a runed translucent gate.
  7658 | D:9      | Found a runed translucent gate.
  7658 | D:9      | Found a runed translucent gate.
  7659 | D:9      | Noticed vilexx's ghost (journeyman GrEE)
  7659 | D:9      | Noticed Ijustatesigmund's ghost (novice DEEE)
  7660 | D:9      | Noticed KleinerIrrer's ghost (novice MeWn)
  7660 | D:9      | Noticed Banquo's ghost (journeyman DjGl)
  7660 | D:9      | Noticed krgfvk's ghost (novice MiFi)
  7693 | D:9      | Killed krgfvk's ghost
  7693 | D:9      | Reached **** piety under Okawaru
  8128 | D:9      | Killed vilexx's ghost
  8252 | D:9      | HP: 1/77 [KleinerIrrer's ghost (11)]
  8252 | D:9      | Mangled by Banquo's ghost

Illustrated notes

Levels and vault maps discovered:
D:1:      dpeg_arrival_oval, layout_basic, shapermc_ecumenical_altar_ellora
D:2:      cheibrodos_greedy_goblins, layout_basic, uniq_robin
D:3:      layout_loops_cross, minmay_lizard_king
D:4:      layout_loops_cross, serial_forest, infiniplex_forest_end_2,
          infiniplex_forest_fountain, infiniplex_forest_lined_3_way,
          infiniplex_forest_clump_large, infiniplex_forest_lined_room_,
          infiniplex_forest_clump_large, infiniplex_forest_lined_room_,
          infiniplex_forest_end_3, uniq_blork_the_orc
D:5:      layout_loops_ring, fedhas_altar_fruit_tree
D:6:      layout_basic, general_overflow_altar, minmay_temple_entry_sparse_star,
          serial_shops, shop, serial_glass, glass_columns_b, glass_columns_b,
          uniq_edmund
D:7:      layout_cave_pools, nicolae_dithmenos_the_darkroom,
          gammafunk_temple_overflow_statue, led_sif_pool
D:8:      layout_loops_cross, uniq_maggie
D:9:      layout_roguey, gammafunk_ghost_cemetery, kennysheep_minor_cross
Temple:   nicolae_temple_superstar

Skill      XL: |  1  2  3  4  5  6  7  8  9 10 |
---------------+-------------------------------+-----
Short Blades   | 3 4 5 6 8 |  8.7
Dodging        | 3 4 5 6 |  6.5
Armour         | 1 2 3 5 6 7 |  7.2
Fighting       | 3 4 5 6 |  6.8
Stealth        | 1 2 |  2.3
Throwing       | 2 |  2.2

Action                     |  1- 3 |  4- 6 |  7- 9 | 10-12 || total
---------------------------+-------+-------+-------+-------++-------
  Melee: Rapier            |    64 |       |       |       ||    64
         Punch             |     3 |     5 |     7 |     1 ||    16
         Tailslap          |    14 |    26 |    83 |    16 ||   139
         Short sword       |    54 |   150 |   432 |    69 ||   705
         Kick              |    14 |    35 |     7 |       ||    56
         Touch             |       |    29 |    97 |    17 ||   143
  Throw: Boomerang         |       |       |     4 |       ||     4
    Use: Scroll            |       |       |       |     6 ||     6
         Potion            |       |       |       |     1 ||     1
   Stab: Sleeping          |       |       |       |     1 ||     1
 Armour: Leather armour    |     9 |       |       |       ||     9
         Ring mail         |    63 |    57 |    89 |       ||   209
         Plate armour      |       |       |    50 |       ||    50
         Swamp dragon scal |       |       |    65 |    31 ||    96
  Dodge: Dodged            |    79 |    82 |   229 |    30 ||   420

Table legend: (Time is in decaauts)
 A = Elapsed time spent in this place.
 B = Non-inter-level travel time spent in this place.
 C = Inter-level travel time spent in this place.
 D = Time resting spent in this place.
 E = Time spent auto-exploring this place.
 F = Levels seen in this place.
 G = Mean time per level.
                   A        B        C        D        E       F      G
               +--------+--------+--------+--------+--------+-----+--------+
         Total |   8050 |   7705 |    345 |    867 |   5103 |  10 |  805.0 |
       Dungeon |   7881 |   7536 |    345 |    812 |   5055 |   9 |  875.7 |
        Temple |    169 |    169 |      0 |     55 |     48 |   1 |  169.0 |
               +--------+--------+--------+--------+--------+-----+--------+

Top non-repeatable levels by time:
     D:9: 1050 daAuts
     D:6: 1036 daAuts
     D:8: 1026 daAuts
     D:4: 973 daAuts
     D:1: 814 daAuts
     D:7: 813 daAuts
     D:3: 795 daAuts
     D:2: 709 daAuts
     D:5: 662 daAuts
  Temple: 169 daAuts
